Map: Ruins of Seras

Players

Wellmet - Winner!

  • Race: Terran Terran
  • League: Diamond

DrSayus

  • Race: Terran Terran
  • League: Platinum

VOD

Have the link to the VOD?

Description

Time

  • Played on: Nov. 13, 2015, 2:33 a.m.
  • Length: 4:42
Show
View Real Time Build Order
Export as new Build Order

Wellmet Terran - Winner!

Build Orders: 1/1/1 

Get SALT Encoding   

  12  0:01  SCV  
  13  0:13  SCV  
  14  0:19  Supply Depot  
  14  0:25  SCV  
  15  0:30  Refinery  
  15  0:41  SCV  
  16  0:46  Barracks  
  16  0:53  SCV  
  17  1:05  SCV  
  18  1:17  SCV  
  19  1:33  Orbital Command  
  19  1:34  Factory  
  19  1:36  Marine  
  20  1:41  Supply Depot  
  20  1:54  Marine  
  20  1:59  SCV  
  22  2:11  SCV  
  22  2:12  Marine  
  24  2:19  Starport  
  24  2:20  Hellion  
  26  2:24  SCV  
  26  2:26  Supply Depot  
  26  2:29  Marine  
  27  2:36  SCV  
  29  2:42  Hellion  
  31  2:48  SCV, Marine  
  33  3:01  Command Center  
  33  3:05  Medivac  
  35  3:10  Hellion  
  37  3:13  Marine  
  37  3:16  SCV  
  39  3:25  Supply Depot  
  39  3:28  Refinery  
  39  3:43  Factory Tech Lab  
  39  3:46  SCV, Marine  
  41  3:51  Viking  
  43  3:59  SCV  
  44  4:03  Siege Tank  
  47  4:12  Marine  
  48  4:22  SCV  
Show
View Real Time Build Order
Export as new Build Order

DrSayus Terran 

Build Orders: 1/1/1, Liberator Opening 

Get SALT Encoding   

  12  0:00  SCV  
  13  0:12  SCV  
  14  0:18  Supply Depot  
  14  0:25  SCV  
  15  0:35  Refinery  
  15  0:39  SCV  
  16  0:46  Barracks  
  16  0:51  SCV  
  17  0:58  Refinery  
  17  1:03  SCV  
  18  1:15  SCV  
  19  1:28  SCV  
  20  1:37  Factory  
  20  1:40  Orbital Command  
  20  1:48  Reaper  
  21  1:57  Supply Depot  
  21  2:06  SCV  
  22  2:21  Barracks Reactor, Starport  
  22  2:25  SCV  
  22  2:26  Factory Reactor  
  23  2:37  SCV  
  24  2:53  Command Center  
  24  2:57  Liberator  
  24  3:00  SCV  
  24  3:03  Liberator  
  25  3:12  Supply Depot  
  31  3:33  SCV, Widow Mine  
  34  3:35  Supply Depot  
  34  3:36  Marine  
  34  3:38  Marine  
  36  3:45  SCV  
  37  3:58  SCV  
  37  4:04  Orbital Command  
  37  4:09  Factory Tech Lab, Marine x2  
  39  4:10  SCV  
  30  4:27  SCV  
Tags
 
Add a new tag
Caveats
  • Supply blocks, unpowered buildings, or Contaminate may cause inaccurate times.
  • Supply counts are checked every 10 seconds.